 Dungeon Crawl Stone Soup version 0.17-a0-119-g2b06fc5 (webtiles) character file.

176 Ngotmuk the Covered (level 5, -2/49 HPs)
             Began as a Deep Dwarf Fighter on Mar 20, 2015.
             Slain by an orc
             ... wielding a +0 war axe
              (7 damage)
             ... on level 3 of the Dungeon.
             The game lasted 00:10:03 (1858 turns).

Ngotmuk the Covered (Deep Dwarf Fighter)            Turns: 1858, Time: 00:10:03

Health: -2/49      AC:  7    Str: 21    XL:     5   Next: 30%
Magic:  5/5        EV:  8    Int:  8    God:
Gold:   154        SH:  9    Dex: 12    Spells: 0 memorised, 4 levels left

rFire  + . .     SeeInvis .     g - +0 mace
rCold  . . .     Clarity  .     b - +0 scale mail
rNeg   . . .     SustAb   .     k - +0 shield (curse)
rPois  .         Gourm    .     (no helmet)
rElec  .         Spirit   .     (no cloak)
rCorr  .         Warding  .     (no gloves)
rMut   .         Stasis   .     (no boots)
MR     .....                    (no amulet)
Stlth  ..........               (no ring)
                                n - ring of protection from fire

@: non-regenerating, not resistant to hostile enchantments, extremely unstealthy
A: damage resistance, recharge devices, sense surroundings 1, slow healing 3
a: Device Recharging


You were on level 3 of the Dungeon.
You were not hungry.

You visited 1 branch of the dungeon, and saw 3 of its levels.

You collected 154 gold pieces.

Inventory:

Hand weapons
 g - a +0 mace (weapon)
Armour
 b - a +0 scale mail (worn)
 k - a cursed +0 shield (worn)
Jewellery
 n - a ring of protection from fire (left hand)
Magical devices
 d - a wand of heal wounds (3)
Scrolls
 j - 3 scrolls of immolation {unknown}
 o - 5 scrolls of identify {unknown}
 p - a scroll of recharging {unknown}
 q - 2 scrolls of fog {unknown}
 s - a scroll of fear {unknown}
 t - a scroll of remove curse {unknown}
Potions
 a - a potion of lignification {unknown}
 c - a potion of poison {unknown}
 e - 2 potions of might
 h - a potion of heal wounds {unknown}
 i - 3 potions of curing {unknown}
 l - a potion of magic {unknown}
 m - a potion of cure mutation {unknown}
 r - 2 potions of agility {unknown}
Comestibles
 f - a meat ration


   Skills:
 + Level 3.2 Fighting
 + Level 2.7 Maces & Flails
 + Level 4.5 Armour
 + Level 2.1 Dodging
 + Level 4.1 Shields


You had 4 spell levels left.
You didn't know any spells.

Dungeon Overview and Level Annotations

Branches:
Dungeon (3/15)

Altars:
Xom


Innate Abilities, Weirdness & Mutations

You are resistant to damage.
You can recharge devices by infusing magical energy.
You passively map a small area around you.
You do not heal naturally.


Message History

The orc priest is lightly wounded.
The orc priest mumbles some strange prayers to Beogh against you.
Something smites you!
* * * LOW HITPOINT WARNING * * *
You block the orc priest's attack.
You closely miss the orc priest.
The orc priest is lightly wounded.
The orc priest closely misses you.
The orc priest looks braver.
There is a stone staircase leading up here.
You block the orc's attack.
You climb upwards.
There is a stone staircase leading down here.
You hit the orc!
You kill the orc!
Things that are here:
a mace; a ring mail; an orc corpse
There is a stone staircase leading down here.
You climb downwards.
The orc hits you with a war axe!
You die...

# #...# #..##.##.# #..........
####.### #..##.##.# #).#####...
.....# #..##.##.# #..# #.##
####.# #..##....###..# #.# ##.#
#..####....o..# #.# #..# #..#
#.####.######.# #.##
#.)####.####......#.## ##.#
#.......o.....###.#..# ##..#
#.##.@.....##.###.#..#
#...########.##..o....##.........
.............##...........#.##..#
#...###########.......##........<
#...# #.......##.######.# #.#.#
#.......##.# #.# #.#.#
########*#.# #.# #.#.#
###########.######.# #.#.#
#..................#


You could see an orc priest and an orc.

Vanquished Creatures
  An orc wizard (D:3)
  Ijyb (D:3)
  Jessica (D:2)
  4 adders
  3 worms
  2 giant geckos
  7 orcs
  8 bats
  A giant cockroach (D:1)
  12 goblins
  5 hobgoblins
  3 jackals (D:3)
  5 kobolds
  4 rats
57 creatures vanquished.

Notes
Turn   | Place    | Note
--------------------------------------------------------------
     0 | D:1      | Ngotmuk, the Deep Dwarf Fighter, began the quest for the Orb.
     0 | D:1      | Reached XP level 1. HP: 20/20 MP: 1/1
   334 | D:1      | Reached XP level 2. HP: 27/27 MP: 2/2
   616 | D:2      | Noticed Jessica
   648 | D:2      | Reached XP level 3. HP: 33/33 MP: 3/3
   658 | D:2      | Killed Jessica
   658 | D:2      | Reached skill level 1 in Dodging
   767 | D:2      | Reached skill level 4 in Armour
  1113 | D:2      | Reached XP level 4. HP: 30/42 MP: 4/4
  1313 | D:3      | Found a shimmering altar of Xom.
  1601 | D:3      | Noticed Ijyb
  1607 | D:3      | Reached XP level 5. HP: 26/49 MP: 5/5
  1622 | D:3      | Killed Ijyb
  1858 | D:3      | Slain by an orc

Action                   |  1- 3 |  4- 6 || total
-------------------------+-------+-------++-------
Melee: Mace              |    78 |   106 ||   184
Evoke: Wand              |     1 |     1 ||     2
  Eat: Fruit             |     1 |     1 ||     2
       Bread ration      |       |     1 ||     1
